 Dungeon Crawl Stone Soup version 0.30-a0-613-gdd512c7efb (webtiles) character file.

Game seed: 11632825998316482538

6300 OTABOTABOTAB the Thaumaturge (level 10, -7/54 HPs)
             Began as a Deep Elf Conjurer on Jan 9, 2023.
             Was a Follower of Vehumet.
             Killed from afar by an orc wizard (10 damage)
             ... with a puff of flame
             ... on level 9 of the Dungeon.
             The game lasted 00:20:18 (10478 turns).

OTABOTABOTAB the Thaumaturge (Deep Elf Conjurer)   Turns: 10478, Time: 00:20:19

Health: -7/54      AC:  5    Str:  4    XL:     10   Next: 63%
Magic:  13/29      EV: 15    Int: 28    God:    Vehumet [*.....]
Gold:   477        SH:  0    Dex: 19    Spells: 25/36 levels left

rFire   . . .      SeeInvis .    k - +2 short sword (speed)
rCold   . . .      Faith    .    (no shield)
rNeg    . . .      Spirit   .    a - +1 robe
rPois   .          Reflect  .    (no helmet)
rElec   .          Harm     .    h - +0 cloak
rCorr   .          Rampage  .    (no gloves)
Will    ++...                    c - +0 pair of boots
Stlth   ++                       (no amulet)
HPRegen 0.29/turn                f - +6 ring of dexterity
MPRegen 0.21/turn                W - ring of willpower

@: no status effects
A: no striking features
a: Renounce Religion


You were on level 9 of the Dungeon.
You worshipped Vehumet.
Vehumet was aware of your devotion.
You visited 2 branches of the dungeon, and saw 11 of its levels.
You also visited: Ossuary.

You collected 477 gold pieces.

Inventory:

Hand Weapons
 k - a +2 short sword of speed (weapon)
   (You took it off a kobold on level 3 of the Dungeon)
Missiles
 e - 10 boomerangs
 j - 14 poisoned darts
 m - 6 javelins
 p - a curare-tipped dart
 s - 90 stones
 t - a throwing net {!d}
Armour
 a - a +1 robe (worn)
 c - a +0 pair of boots (worn)
   (You found it on level 2 of the Dungeon)
 h - a +0 cloak (worn)
   (You found it on level 8 of the Dungeon)
Jewellery
 f - a +6 ring of dexterity (left hand)
   (You found it on level 5 of the Dungeon)
 P - a ring of poison resistance {rPois, !d}
   (You took it off an orc warrior on level 8 of the Dungeon)
 W - a ring of willpower (right hand)
   (You found it on level 5 of the Dungeon)
Wands
 n - a wand of roots (8)
   (You found it on level 5 of the Dungeon)
Scrolls
 d - 2 scrolls of amnesia
 i - 2 scrolls of enchant armour
 K - 2 scrolls of immolation {!r}
 X - 3 scrolls of magic mapping {@r4!r}
Potions
 b - 2 potions of mutation {unknown}
 g - 2 potions of lignification {unknown}
 l - 4 potions of cancellation
 o - 4 potions of attraction {!q}
 B - 2 potions of brilliance
 H - 2 potions of haste
 J - 5 potions of curing {@q1}
 L - 3 potions of flight
 N - a potion of heal wounds {@q2}


   Skills:
 + Level 2.7 Fighting
 + Level 5.0 Dodging
 - Level 2.4 Stealth
 + Level 13.8 Spellcasting
 + Level 12.2 Conjurations
 - Level 3.0 Hexes
 - Level 3.0 Translocations


You had 25 spell levels left.
You knew the following spells:

 Your Spells              Type           Power      Damage    Failure   Level
a - Magic Dart            Conj           100%       1d8       1%          1
b - Searing Ray           Conj           100%       2d8       1%          2
c - Fulminant Prism       Conj/Hex       29%        3d13      1%          4
x - Iskenderun's Mystic   Conj/Tloc      58%        2d12      1%          4

Your spell library contained the following spells:

 Spells                   Type           Power      Damage    Failure   Level
 Kiss of Death            Conj/Necr      100%       2d13      1%          1
 Apportation              Tloc           72%        N/A       1%          1
 Slow                     Hex            100%       N/A       1%          1
 Dazzling Flash           Conj/Hex       100%       N/A       1%          3
 Hailstorm                Conj/Ice       52%        3d12      1%          3
 Freeze                   Ice            76%        1d8       2%          1
 Necrotise                Necr           76%        1d7       2%          1
 Summon Small Mammal      Summ           76%        N/A       2%          1
 Confusing Touch          Hex            36%        N/A       2%          3
 Gell's Gravitas          Tloc           36%        N/A       2%          3
 Lesser Beckoning         Tloc           72%        N/A       2%          3
 Teleport Other           Tloc           36%        N/A       2%          3
 Frozen Ramparts          Ice            38%        1d6       9%          3
 Vampiric Draining        Necr           19%        2d7       9%          3


Dungeon Overview and Level Annotations

Branches:
Dungeon (10/15)            Temple (1/1) D:4            Lair (0/5) D:8
Ossuary (visited)
    Orc: D:9-12

Altars:
Ashenzari
Cheibriados
Dithmenos
Elyvilon
Fedhas
Gozag
Hepliaklqana
Nemelex Xobeh
Okawaru
Qazlal
Ru
Sif Muna
Trog
Uskayaw
Vehumet
Wu Jian
Xom
Yredelemnul
Zin
The Shining One

Shops:
D:5 *


Message History

You regained 4 mp, and now have 16/29 mp.
You erupt in a blast of force!
The mystic blast hits the yak!
The yak is knocked back by the mystic blast.
The mystic blast hits the yak!
You kill the yak!
Vehumet accepts your kill.
You feel your power returning.
You now have 13/29 mp.
You can't see any susceptible monsters within range! (Use Z to cast anyway.)
Aim: a yak (moderately wounded, 90% to hit)
The searing ray hits the yak. (Press . to maintain the ray.)
A vampire comes into view.
You now have 11/29 mp.
The searing ray hits the yak!
You now have 10/29 mp.
You conjure a prism of explosive energy!
A fulminant prism comes into view.
The yak gores you!
You take 11 damage, and have 26/54 hp.
MASSIVE DAMAGE!!
You now have 7/29 mp.
You erupt in a blast of force!
The mystic blast hits the yak!
You kill the yak!
Vehumet accepts your kill.
The mystic blast hits the vampire!
The vampire closely misses you. The vampire completely misses you.
Your fulminant prism crackles loudly.
You now have 3/29 mp.
You don't have enough magic to cast this spell.
Aim: a vampire (heavily damaged, ally target, 83% to hit)
The searing ray hits the vampire but does no damage. (Press . to maintain the ray.)
The vampire hits you but does no damage.
The vampire misses you.
The blast of energy engulfs the vampire!
You destroy the vampire!
Vehumet accepts your kill.
You now have 1/29 mp.
You start resting.
Health restored: 54; MP restored: 29 Unknown command.
A swamp worm comes into view.
Aim: a swamp worm (wandering, hasn't noticed you, 79% to hit)
The searing ray hits the swamp worm! (Press . to maintain the ray.)
A bat zombie comes into view.
The swamp worm fires a harpoon shot at you.
The harpoon shot hits you!
You are yanked forward by the harpoon shot.
A swamp worm comes into view.
You take 10 damage, and have 44/54 hp.
You now have 27/29 mp.
The bat zombie misses you. The bat zombie closely misses you.
The swamp worm bites you! The bat zombie closely misses you.
You take 14 damage, and have 30/54 hp.
MASSIVE DAMAGE!!
Aim: a swamp worm (lightly wounded, 79% to hit)
The searing ray hits the swamp worm! (Press . to maintain the ray.)
The bat zombie hits you but does no damage.
The bat zombie closely misses you.
The swamp worm bites you but does no damage.
The bat zombie hits you but does no damage.
You now have 25/29 mp.
The searing ray hits the swamp worm!
The bat zombie misses you. The bat zombie closely misses you.
The searing ray hits the swamp worm!
You kill the swamp worm!
Vehumet accepts your kill.
You feel your power returning. The bat zombie misses you.
The bat zombie closely misses you.
You regained 3 mp, and now have 28/29 mp.
You erupt in a blast of force!
The mystic blast hits the swamp worm!!
The mystic blast hits the bat zombie!
You destroy the bat zombie!
Vehumet accepts your kill.
You hear a shout!
The swamp worm fires a harpoon shot at you.
The harpoon shot hits you!!
* * * LOW HITPOINT WARNING * * *
You are yanked forward by the harpoon shot.
You take 19 damage, and have 12/54 hp.
MASSIVE DAMAGE!!
You now have 24/29 mp.
You erupt in a blast of force!
The mystic blast hits the swamp worm.
The swamp worm bites you but does no damage.
You now have 20/29 mp.
You erupt in a blast of force!
The mystic blast hits the swamp worm!
The swamp worm bites you!
* * * LOW HITPOINT WARNING * * *
An orc wizard comes into view. It is wielding a +0 dagger.
You take 10 damage, and have 3/54 hp.
You now have 16/29 mp.
You erupt in a blast of force!
The mystic blast hits the swamp worm!
You kill the swamp worm!
Vehumet accepts your kill.
Your Dodging skill increases to level 5!
You now have 13/29 mp.
The orc wizard points at you and mumbles some strange words.
The puff of flame hits you!
You die...

..# ###...
.... ..#
....# #~~~~
..# ..o#
.~~≈~ ..#
#... .)≈# ..#
#.)##~~# ..#
#..#~~~# ..#
#...~≈# ..#
######.>)~~#
..#
.......@#~≈#
..#
......)†#~~~#
..#
######†.##~~#
..# #..# #~≈P
..# #..# ~~~~
..# #..# ~~~~
..# #..# ##..
..# #..# ###
####


You could see an orc wizard.

Vanquished Creatures
  An elephant (D:8)
  4 wyverns
  15 yaks
  A steam dragon (D:8)
  A vampire (D:9)
  A basilisk (D:8)
  2 swamp worms (D:9)
  A water moccasin (D:9)
  An orc warrior (D:8)
  A black bear (D:8)
  An ice beast (D:5)
  A phantom (D:6)
  4 centaurs
  A kobold brigand (D:9)
  Blork the orc (D:5)
  2 scorpions
  8 water moccasin zombies (Ossuary)
  8 wights
  4 hounds
  3 jellies
  A gnoll bouda (D:7)
  An orc priest (D:9)
  3 iguanas
  4 orc wizards
  2 mummies (Ossuary)
  13 gnolls
  4 adders
  An ufetubus (D:5)
  3 adder zombies (Ossuary)
  A worm (D:2)
  4 dart slugs
  14 orcs
  4 ball pythons
  4 bats
  A bat zombie (D:9)
  5 endoplasms
  4 giant cockroaches
  8 gnoll zombies (Ossuary)
  5 goblins
  7 hobgoblins
  3 jackals (D:2)
  10 kobolds
  3 quokkas
  6 frilled lizards
  A hobgoblin zombie (Ossuary)
  3 kobold zombies (Ossuary)
  4 orc zombies (Ossuary)
  5 rats
185 creatures vanquished.

Vanquished Creatures (others)
  44 fulminant prisms
  3 fungi (D:8)
  6 plants
53 creatures vanquished.

Grand Total: 238 creatures vanquished

Notes
Turn   | Place    | Note
-------+----------+-------------------------------------------
     0 | D:1      | OTABOTABOTAB the Deep Elf Conjurer began the quest for the
                  | Orb.
     0 | D:1      | Reached XP level 1. HP: 10/10 MP: 6/6
   480 | D:1      | Reached XP level 2. HP: 10/15 MP: 0/8
   610 | D:1      | Learned a level 2 spell: Searing Ray
   660 | D:1      | Found a faded altar of an unknown god.
  1326 | D:2      | Reached skill level 4 in Spellcasting
  1554 | D:2      | Reached skill level 5 in Conjurations
  1554 | D:2      | Reached XP level 3. HP: 19/19 MP: 8/10
  2414 | D:3      | Reached skill level 5 in Spellcasting
  2414 | D:3      | Reached XP level 4. HP: 17/24 MP: 3/13
  2419 | D:3      | Learned a level 4 spell: Fulminant Prism
  2424 | D:3      | Learned a level 4 spell: Iskenderun's Mystic Blast
  2540 | D:3      | Found a sacrificial altar of Ru.
  3204 | D:4      | Found a sand-covered staircase.
  3228 | Ossuary  | Entered an ossuary
  3278 | Ossuary  | Reached skill level 1 in Hexes
  3278 | Ossuary  | Reached skill level 1 in Translocations
  3278 | Ossuary  | Reached XP level 5. HP: 28/28 MP: 2/14
  3377 | Ossuary  | Reached skill level 2 in Hexes
  3378 | Ossuary  | Reached skill level 6 in Conjurations
  3378 | Ossuary  | Reached skill level 2 in Translocations
  3378 | Ossuary  | Reached XP level 6. HP: 10/32 MP: 3/16
  3485 | Ossuary  | Reached skill level 6 in Spellcasting
  3485 | Ossuary  | Reached skill level 3 in Hexes
  3705 | Ossuary  | Reached skill level 3 in Translocations
  3705 | Ossuary  | Reached XP level 7. HP: 31/36 MP: 5/18
  4102 | D:4      | Reached skill level 7 in Spellcasting
  4177 | D:4      | Found a staircase to the Ecumenical Temple.
  4186 | Temple   | Entered the Ecumenical Temple
  4237 | Temple   | Became a worshipper of Vehumet
  4270 | D:4      | Reached skill level 7 in Conjurations
  4371 | D:4      | Found a broken altar of Ashenzari.
  4951 | D:5      | Entered Level 5 of the Dungeon
  4966 | D:5      | Noticed Blork the orc
  4979 | D:5      | Killed Blork the orc
  4994 | D:5      | HP: 9/36 [poisoned by a scorpion]
  4995 | D:5      | Reached skill level 8 in Spellcasting
  5286 | D:5      | Reached XP level 8. HP: 41/41 MP: 15/22
  5357 | D:5      | Reached skill level 8 in Conjurations
  5532 | D:5      | Found an iron altar of Okawaru.
  5615 | D:5      | Found Dongoul's General Store.
  5682 | D:5      | Found a shimmering blue altar of Sif Muna.
  6242 | D:6      | Reached skill level 9 in Spellcasting
  6282 | D:6      | Found a stormy altar of Qazlal.
  6284 | D:6      | Noticed an air elemental
  7132 | D:7      | Found a glowing silver altar of Zin.
  7272 | D:7      | Reached skill level 9 in Conjurations
  7279 | D:7      | Reached * piety under Vehumet
  7279 | D:7      | Offered knowledge of Kiss of Death by Vehumet.
  7280 | D:7      | Reached skill level 10 in Spellcasting
  7598 | D:7      | You fall into a shaft and drop 1 floor!
  7691 | D:7      | Found a shadowy altar of Dithmenos.
  7819 | D:7      | Reached XP level 9. HP: 45/45 MP: 17/25
  8301 | D:8      | Noticed an elephant
  8341 | D:8      | HP: 6/45 [steam dragon] (7)]
  8345 | D:8      | Reached skill level 11 in Spellcasting
  8345 | D:8      | Reached skill level 10 in Conjurations
  8678 | D:8      | Reached skill level 12 in Spellcasting
  8738 | D:8      | Found a staircase to the Lair.
  8762 | D:8      | Reached skill level 11 in Conjurations
  9160 | D:8      | Killed an elephant
  9586 | D:8      | Reached skill level 13 in Spellcasting
  9586 | D:8      | Reached XP level 10. HP: 50/50 MP: 19/29
 10099 | D:9      | Found a hide-covered altar of Uskayaw.
 10175 | D:10     | Entered Level 10 of the Dungeon
 10197 | D:10     | Reached skill level 3 in Dodging
 10293 | D:9      | Reached skill level 1 in Fighting
 10316 | D:9      | Reached skill level 4 in Dodging
 10316 | D:9      | Reached skill level 12 in Conjurations
 10319 | D:9      | Reached skill level 2 in Fighting
 10474 | D:9      | HP: 12/54 [swamp worm/harpoon shot (19)]
 10476 | D:9      | HP: 3/54 [swamp worm (10)]
 10478 | D:9      | Reached skill level 5 in Dodging
 10478 | D:9      | Killed from afar by an orc wizard

Illustrated notes

Levels and vault maps discovered:
D:1:      lightli_arrival_statue_moat, layout_basic,
          hellmonk_ecumenical_altar_crossroads
D:2:      minmay_recursive_quarters, layout_basic, item_on_display_a
D:3:      layout_loops_ring, nicolae_ru_awakened_eye, serial_bayou,
          serial_bayou_shore_b, serial_bayou_crossing, serial_bayou_pond_b,
          serial_bayou_lagoon_b, amcnicky_mini_corridor_feature
D:4:      layout_cave_pools, mainiacjoe_overflow_surrounded_room,
          minmay_temple_entry_grid, chequers_ossuary_entry_cave,
          chequers_serial_rivers_micro_d, nicolae_elevator_lobby_asterisk
D:5:      layout_basic, okawaru_altar_gauntlet_db, lemuel_tele_altar,
          serial_shops, nicolae_shop_stone, uniq_blork_the_orc
D:6:      layout_basic, nicolae_qazlal_style_of_elements
D:7:      layout_loops_ring, mainiacjoe_overflow_concentric_impassable,
          lemuel_crystal_altar, serial_aquarium, aquarium_bridge_square
          [aquarium_subvault_wall, aquarium_subvault_bridge,
          aquarium_subvault_wall, aquarium_subvault_window], aquarium_window_1,
          aquarium_window_corridor_1, aquarium_view_2f, aquarium_view_2b,
          aquarium_balcony_3a, chequers_serial_rivers_micro_e
D:8:      layout_cave_pods, david_lair_generic
D:9:      layout_small_grid, mainiacjoe_overflow_brackets,
          lightli_temple_of_fire, lemuel_zombie_altar_kikubaaqudgha, erik_orc_1,
          minmay_misc_feat_more_columns, worms_lemuel
D:10:     layout_loops_ring, minmay_between, uniq_maurice, uniq_sonja
Temple:   minmay_temple_bridge_abc

Skill      XL: |  1  2  3  4  5  6  7  8  9 10 |
---------------+-------------------------------+-----
Spellcasting   | 4 5 6 8 10 13 | 13.8
Conjurations   | 5 6 7 9 11 12 | 12.2
Hexes          | 1 2 3 |  3.0
Translocations | 1 2 3 |  3.0
Dodging        | 5 |  5.0
Fighting       | 2 |  2.7
Stealth        | |  2.4

Action                   |  1- 3 |  4- 6 |  7- 9 | 10-12 || total
-------------------------+-------+-------+-------+-------++-------
Melee: Spear             |    12 |       |       |       ||    12
       Short sword       |       |     3 |       |       ||     3
 Cast: Magic Dart        |    83 |     8 |    64 |    14 ||   169
       Searing Ray       |     2 |    12 |    32 |     9 ||    55
       Fulminant Prism   |       |     6 |    27 |    11 ||    44
       Iskenderun's Myst |       |       |    15 |    16 ||    31
  Use: Scroll            |     4 |       |    14 |     1 ||    19
       Potion            |       |       |     4 |     3 ||     7
Armor: Robe              |     2 |     5 |     6 |     6 ||    19
Dodge: Dodged            |     8 |    17 |    30 |    27 ||    82

Table legend: (Time is in decaauts)
 A = Elapsed time spent in this place.
 B = Non-inter-level travel time spent in this place.
 C = Inter-level travel time spent in this place.
 D = Time resting spent in this place.
 E = Time spent auto-exploring this place.
 F = Levels seen in this place.
 G = Mean time per level.
                   A        B        C        D        E       F      G
               +--------+--------+--------+--------+--------+-----+--------+
         Total |  10516 |  10261 |    255 |   1849 |   7363 |  12 |  876.3 |
       Dungeon |   9668 |   9433 |    235 |   1304 |   7222 |  10 |  966.8 |
        Temple |     78 |     58 |     20 |      0 |     45 |   1 |   78.0 |
       Ossuary |    768 |    768 |      0 |    545 |     96 |   1 |  768.0 |
               +--------+--------+--------+--------+--------+-----+--------+

Top non-repeatable levels by time:
     D:8: 1393 daAuts
     D:1: 1299 daAuts
     D:5: 1177 daAuts
     D:7: 1155 daAuts
     D:2: 1007 daAuts
     D:6: 1002 daAuts
     D:4: 921 daAuts
     D:3: 899 daAuts
 Ossuary: 768 daAuts
     D:9: 743 daAuts
  Temple: 78 daAuts
    D:10: 68 daAuts

Table legend:
 A = Kills in this place as a percentage of kills in entire the game.
 B = Kills by you in this place as a percentage of kills by you in the entire game.
 C = Kills by friends in this place as a percentage of kills by friends in the entire game.
 D = Other kills in this place as a percentage of other kills in the entire game.
 E = Experience gained in this place as a percentage of experience gained in the entire game.
 F = Experience gained in this place divided by the number of levels of this place that you have seen.
                   A       B       C       D       E      F
               +-------+-------+-------+-------+-------+----------------------
         Total | 100.0 | 100.0 |   N/A |   N/A | 100.0 | 750.0
       Dungeon |  84.3 |  84.3 |   N/A |   N/A |  92.1 | 829.3
       Ossuary |  15.7 |  15.7 |   N/A |   N/A |   7.9 | 707.0
               +-------+-------+-------+-------+-------+----------------------
